 Dungeon Crawl Stone Soup version 0.21-a0-201-g8501b10 (webtiles) character file.

1264 Deeps the Fighter (level 8, -3/78 HPs)
             Began as a Minotaur Fighter on Aug 19, 2017.
             Was a Priest of Okawaru.
             Killed from afar by an electric eel (9 damage)
             ... with a bolt of electricity
             ... on level 5 of the Dungeon.
             The game lasted 00:09:31 (4380 turns).

Deeps the Fighter (Minotaur Fighter)                Turns: 4380, Time: 00:09:31

Health: -3/78      AC: 13    Str: 23    XL:     8   Next: 27%
Magic:  7/7        EV:  5    Int:  5    God:    Okawaru [***...]
Gold:   288        SH:  9    Dex: 10    Spells: 7/7 levels left

rFire    x . .     SeeInvis .   a - +1 war axe
rCold    + . .     Gourm    .   c - +0 shield
rNeg     . . .     Faith    .   s - +0 chain mail
rPois    .         Spirit   .   h - +2 hat {MR+}
rElec    .         Reflect  .   (no cloak)
rCorr    .         Harm     .   (no gloves)
MR       +....                  (no boots)
Stlth    ..........             (no amulet)
HPRegen  0.23/turn              j - ring of ice
MPRegen  0.10/turn              (no ring)

@: about to teleport, very slightly contaminated, invisible, very slow
A: retaliatory headbutt, horns 2, molten scales 1, sense surroundings 2
a: Heroism, Renounce Religion


You were on level 5 of the Dungeon.
You worshipped Okawaru.
Okawaru was most pleased with you.
You were not hungry.

You visited 1 branch of the dungeon, and saw 5 of its levels.

You collected 288 gold pieces.

Inventory:

Hand Weapons
 a - a +1 war axe (weapon)
Armour
 b - a +0 scale mail
 c - a +0 shield (worn)
 h - a +2 hat of magic resistance (worn)
 s - a +0 chain mail (worn)
Jewellery
 j - a ring of ice (left hand)
Wands
 g - a wand of scattershot (3/9)
 o - a wand of flame (28/48)
Scrolls
 e - 5 scrolls of identify
 u - a scroll of amnesia
Potions
 d - 4 potions of might
 l - 2 potions of heal wounds
 p - 3 potions of curing
 q - a potion of lignification {unknown}
 r - a potion of flight {unknown}
Books
 n - a book of Misfortune

   Spells                             Type                      Level
   a - Confusing Touch                Hexes                        1
   b - Confuse                        Hexes                        3
   c - Gell's Gravitas                Translocation                3
   d - Petrify                        Transmutation/Earth          4
   e - Metabolic Englaciation         Hexes/Ice                    5
   f - Yara's Violent Unravelling     Hexes/Transmutation          5
Comestibles
 f - 3 bread rations
 i - 3 meat rations
 k - 5 fruits


   Skills:
 + Level 9.3 Fighting
 + Level 8.8 Axes
 - Level 3.6 Armour
 - Level 3.6 Shields


You had 7 spell levels left.
You didn't know any spells.

Dungeon Overview and Level Annotations

Branches:
Dungeon (5/15)
 Temple: D:4-7

Altars:
Dithmenos
Kikubaaqudgha
Okawaru
Ru
Vehumet
Yredelemnul

Shops:
D:5 }


Innate Abilities, Weirdness & Mutations

You reflexively headbutt those who attack you in melee.
You have a pair of horns on your head.
You are partially covered in molten scales. (AC +2)
You passively map the area around you.


Message History

You feel strangely unstable.
The electric eel shoots out a bolt of lightning at the electric eel!
The bolt of electricity hits the electric eel.
The electric eel completely resists.
The bolt of electricity hits you!
* * * LOW HITPOINT WARNING * * *
The bolt of electricity hits you!
* * * LOW HITPOINT WARNING * * *
The bolt of electricity hits the plant.
You feel much better.
You enter the shallow water.
Moving in this stuff is going to be slow. ...and don't expect to remain undetected.
The electric eel shoots out a bolt of lightning at you!
The bolt of electricity hits the plant.
The bolt of electricity hits you!
* * * LOW HITPOINT WARNING * * *
The bolt of electricity hits you!
* * * LOW HITPOINT WARNING * * *
The electric eel shoots out a bolt of lightning at you!
The bolt of electricity hits you!
You die...

...#.#######.......#.####.#.#
....##≈≈≈..###....##.# *,#.#
...##.####.≈≈#######.# *,*,*
#.##.##..'##≈≈≈..###.#***,*,*
#.##.#.....#####..##.#,,,,*,*
#.##.#.....##..'####..,,,,,,*
#.##≈#P..≈≈#.....# ###)#*****
...#≈#≈.P..#.....# #.#
..##≈#;$.$.#PP.P@# #.#
.###≈#≈≈?;≈#≈P.P.#####.# .#
#≈##≈≈;##.()≈.#..##.# ##
##.######;≈$;≈##.##.#
##....≈##≈;≈###.##.##########
######≈#####...##...........
###≈...'......##########
#.######...##.# #.#
#.#)#.##.##


You could see 3 electric eels.

Vanquished Creatures
  Grinder (D:5)
  Eustachio (D:4)
  An ice beast (D:5)
  A phantom (D:4)
  2 ogres
  3 scorpions
  2 crimson imps (D:5)
  A jelly (D:5)
  A hound (D:5)
  An orc wizard (D:5)
  2 worker ants
  A hound zombie (D:3)
  A worker ant zombie (D:5)
  8 gnolls
  7 adders
  An adder skeleton (D:4)
  An adder zombie (D:5)
  5 worms
  3 dart slugs
  2 leopard geckos
  2 orcs (D:5)
  3 giant cockroaches
  4 goblins
  7 hobgoblins
  10 jackals
  3 quokkas
  2 ball pythons
  9 bats
  A frilled lizard (D:3)
  3 kobolds
  A leopard gecko skeleton (D:4)
  A quokka skeleton (D:4)
  8 rats
99 creatures vanquished.

Notes
Turn   | Place    | Note
-------+----------+-------------------------------------------
     0 | D:1      | Deeps the Minotaur Fighter began the quest for the Orb.
     0 | D:1      | Reached XP level 1. HP: 19/19 MP: 0/0
   259 | D:1      | Reached skill level 4 in Fighting
   287 | D:1      | Reached XP level 2. HP: 21/27 MP: 1/1
   472 | D:2      | Reached XP level 3. HP: 34/34 MP: 2/2
   646 | D:2      | Found a shadowy altar of Dithmenos.
  1121 | D:2      | Found a basalt altar of Yredelemnul.
  1124 | D:2      | Found an ancient bone altar of Kikubaaqudgha.
  1130 | D:2      | Found an iron altar of Okawaru.
  1134 | D:2      | Became a worshipper of Warmaster Okawaru
  1318 | D:3      | Reached skill level 5 in Fighting
  1521 | D:3      | Reached XP level 4. HP: 39/42 MP: 3/3
  1561 | D:3      | HP: 1/42 [scorpion (6)]
  1564 | D:2      | Reached XP level 5. HP: 1/49 MP: 4/4
  1959 | D:3      | Reached skill level 5 in Axes
  2070 | D:3      | Reached skill level 6 in Fighting
  2373 | D:3      | Gained mutation: You are partially covered in iridescent scales. (AC +2) [potion of mutation]
  2373 | D:3      | Gained mutation: You are partially covered in molten scales. (AC +2) [potion of mutation]
  2374 | D:3      | Lost mutation: You are partially covered in iridescent scales. (AC +2) [potion of mutation]
  2374 | D:3      | Gained mutation: You passively map a small area around you. [potion of mutation]
  2374 | D:3      | Gained mutation: You passively map the area around you. [potion of mutation]
  2415 | D:4      | Found a radiant altar of Vehumet.
  2498 | D:4      | Reached * piety under Okawaru
  2498 | D:4      | Reached XP level 6. HP: 57/57 MP: 5/5
  3006 | D:4      | Noticed Eustachio
  3014 | D:4      | Killed Eustachio
  3014 | D:4      | Reached ** piety under Okawaru
  3014 | D:4      | Reached skill level 7 in Fighting
  3014 | D:4      | Reached XP level 7. HP: 66/66 MP: 6/6
  3393 | D:5      | Entered Level 5 of the Dungeon
  3514 | D:5      | Found Yschaitwa's Gadget Shoppe.
  3662 | D:5      | Reached skill level 8 in Fighting
  3769 | D:5      | Noticed Grinder
  3771 | D:5      | Found a sacrificial altar of Ru.
  3783 | D:5      | Paralysed by Grinder for 6 turns
  3791 | D:5      | Killed Grinder
  3791 | D:5      | Reached *** piety under Okawaru
  3791 | D:5      | Reached XP level 8. HP: 24/77 MP: 7/7
  4063 | D:5      | Reached skill level 9 in Fighting
  4380 | D:5      | Killed from afar by an electric eel

Vault maps used:
D:1:      lightli_iron_boxes
D:2:      grunt_temple_overflow_diamond, first_bread,
          nicolae_dithmenos_shadow_blocks
D:3:      cheibrodos_helix_gallery
D:4:      vehumet_altar_wand_db, kennysheep_donut, uniq_eustachio
D:5:      cheibrodos_two_vegetables, nicolae_ru_path_of_blood, serial_shops,
          nicolae_shop_window_shopping, uniq_grinder

Skill      XL: |  1  2  3  4  5  6  7  8 |
---------------+-------------------------+-----
Fighting       | 4 5 6 7 8 9 |  9.3
Axes           | 3 4 5 6 8 |  8.8
Armour         | |  3.6
Shields        | |  3.6

Action                   |  1- 3 |  4- 6 |  7- 9 || total
-------------------------+-------+-------+-------++-------
Melee: War axe           |    77 |    83 |   116 ||   276
       Headbutt          |     9 |    20 |    18 ||    47
  Use: Scroll            |       |     7 |     4 ||    11
       Potion            |       |     4 |     2 ||     6
 Stab: Invisible         |       |       |     1 ||     1
  Eat: Chunk             |     1 |     5 |     5 ||    11
Armor: Scale mail        |    39 |    21 |       ||    60
       Chain mail        |       |     5 |    57 ||    62
Dodge: Dodged            |    21 |    33 |    15 ||    69
Block: Shield            |    47 |    51 |    35 ||   133
